[Event "Titled Tuesday Blitz July 18 Late 2023"]
[White "gordonzyxu"]
[Black "Figorito, Nick"]
[BlackFideId "30923689"]
[WhiteElo "2096"]
[BlackElo "2350"]
[Result "0-1"]
[Round "7"]
[TimeControl "180+2"]
[Date "2023.07.18"]
[WhiteClock "0:00:08"]
[BlackClock "0:00:11"]
[Board "133"]

1. e4 e6 2. d4 d5 3. Nd2 Nf6 4. e5 Nfd7 5. Ngf3 c5 6. c3 Nc6 7. Bd3 cxd4 8. cxd4 Qb6 9. O-O Nxd4 10. Nxd4 Qxd4 11. Nf3 Qb6 12. a3 a5 13. Qa4 Bc5 14. Qg4 Kf8 15. Ng5 Nxe5 16. Qf4 f6 17. Nxh7+ Kg8 18. Bc2 Rxh7 19. Bxh7+ Kxh7 20. Qh4+ Kg8 21. Bf4 Ng6 22. Qg3 Nxf4 23. Qxf4 e5 24. Qd2 Bd4 25. Rab1 Bf5 26. Rbc1 Qxb2 27. Qxb2 Bxb2 28. Rc7 Rb8 29. f4 Bd3 30. Rd1 e4 31. g4 Bxa3 32. Ra1 Bd6 33. Rd7 Bxf4 34. Rxa5 Be3+ 35. Kg2 Bd4 36. Raxd5 Be5 37. Re7 Bc3 38. Rdd7 f5 39. gxf5 b5 40. Rc7 b4 41. Kf2 Bf6 42. Red7 b3 43. Rb7 Rxb7 44. Rxb7 b2 45. Rb8+ Kh7 46. Rb7 b1=Q 47. Rxb1 Bxb1 48. Ke3 Bd3 49. Kf4 Bd8 50. Ke3 Bc7 51. h3 Kh6 52. f6 gxf6 53. Kd4 Kg5 54. Ke3 Kh4 55. Kd4 Kxh3 56. Ke3 Kg3 57. Kd4 Kf3 58. Kc3 e3 59. Kxd3 e2 60. Kd4 e1=Q 61. Kd5 Qe5+ 62. Kc6 Qd6+ 63. Kb5 Qd5+ 64. Kb4 Bd6+ 65. Ka4 Qb7 66. Ka5 Ke4 67. Ka4 Qb4# 0-1


[Site "https://www.chess.com"]

[Event "Titled Tuesday Blitz July 18 Late 2023"]
[White "Curtis, John"]
[Black "Avalos Parra, Joao"]
[WhiteFideId "3200256"]
[BlackFideId "3402541"]
[WhiteElo "2056"]
[BlackElo "2344"]
[Result "0-1"]
[Round "7"]
[TimeControl "180+2"]
[Date "2023.07.18"]
[WhiteClock "0:00:00"]
[BlackClock "0:00:11"]
[Board "134"]

1. e4 e5 2. Nf3 Nc6 3. Bb5 a6 4. Bxc6 dxc6 5. O-O Bd6 6. d4 exd4 7. Nxd4 Ne7 8. Re1 c5 9. Nb3 O-O 10. e5 Bxe5 11. Qxd8 Rxd8 12. Nxc5 Bd6 13. Ne4 Be6 14. Nxd6 Rxd6 15. Bf4 Rd7 16. Nc3 Rad8 17. Ne4 b6 18. Ng5 Bf5 19. c3 Ng6 20. Bg3 c5 21. h3 b5 22. Nf3 f6 23. b4 cxb4 24. cxb4 Kf7 25. a4 Bd3 26. axb5 Bxb5 27. Rac1 Ne7 28. Bc7 Rc8 29. Bb6 Rxc1 30. Rxc1 Nd5 31. Bc5 Nf4 32. Ra1 Rd3 33. Ne1 Rc3 34. h4 Ne6 35. Be3 Rb3 36. Nc2 Bd3 37. Ra2 Bxc2 38. Rxc2 Rxb4 39. g3 Ra4 40. Rc6 Ra2 41. Rb6 h5 42. Kg2 a5 43. Kf3 a4 44. Ke4 a3 45. Kd5 Nf8 46. Rb7+ Kg6 47. Ra7 Nh7 48. Bc5 Rd2+ 49. Kc4 a2 50. Kb3 Rd5 51. Be3 Nf8 52. Kxa2 Ne6 53. Kb3 Nd8 54. Kc4 Rf5 55. Bc5 Nc6 56. Rc7 Ne5+ 0-1


[Site "https://www.chess.com"]

[Event "Titled Tuesday Blitz July 18 Late 2023"]
[White "Korkmaz, Necmettin"]
[Black "Piekarski, Atila Balzer"]
[WhiteFideId "6303285"]
[BlackFideId "2119552"]
[WhiteElo "2465"]
[BlackElo "2064"]
[Result "1-0"]
[Round "7"]
[TimeControl "180+2"]
[Date "2023.07.18"]
[WhiteClock "0:00:50"]
[BlackClock "0:00:11"]
[Board "135"]

1. e4 c5 2. Nc3 Nc6 3. f4 e6 4. Nf3 d5 5. Bb5 a6 6. Bxc6+ bxc6 7. d3 Nf6 8. e5 Nd7 9. O-O Be7 10. Ne2 Qc7 11. c4 a5 12. b3 a4 13. Be3 O-O 14. Qe1 f6 15. exf6 Bxf6 16. Rb1 axb3 17. axb3 Qd6 18. Qf2 Bb7 19. b4 cxb4 20. c5 Qc7 21. Rxb4 Ra2 22. d4 Ba6 23. Re1 Ra8 24. Bd2 Bc4 25. Qe3 Nf8 26. Reb1 Bxe2 27. Qxe2 Qa5 28. Rb8 Rxb8 29. Rxb8 Kf7 30. Rb7+ Kg8 31. Bxa5 Rxe2 32. Rc7 Ra2 33. Bb6 Ra4 34. Rxc6 Bxd4+ 35. Nxd4 Rxd4 36. Rc8 Rc4 37. c6 Kf7 38. c7 Nd7 39. Ba5 d4 40. Rd8 1-0


[Site "https://www.chess.com"]

[Event "Titled Tuesday Blitz July 18 Late 2023"]
[White "Topalov, Aleksandar"]
[Black "Vaglio Munoz, Jaime"]
[WhiteFideId "925659"]
[BlackFideId "6500145"]
[WhiteElo "2369"]
[BlackElo "2280"]
[Result "1-0"]
[Round "7"]
[TimeControl "180+2"]
[Date "2023.07.18"]
[WhiteClock "0:00:04"]
[BlackClock "0:00:41"]
[Board "136"]

1. b3 b5 2. e4 Bb7 3. Bxb5 Bxe4 4. Nf3 c6 5. Bc4 d5 6. Be2 Nd7 7. O-O e5 8. Bb2 Bd6 9. Re1 Ngf6 10. d3 Bg6 11. Nxe5 Nxe5 12. Bf3 Nd7 13. d4 f6 14. dxe5 fxe5 15. Bh5 Qf6 16. Bxg6+ hxg6 17. Qg4 O-O-O 18. Nd2 Rh4 19. Qg3 Rf4 20. Nf3 Rf8 21. c4 d4 22. Rad1 c5 23. Bc1 e4 24. Bxf4 Bxf4 25. Qg4 exf3 26. Qxf3 Bb8 27. Qe2 Qd6 28. g3 Nf6 29. b4 Re8 30. Qd3 Rxe1+ 31. Rxe1 cxb4 32. Qxg6 d3 33. Rd1 Qd4 34. Rxd3 Qa1+ 35. Kg2 Nd7 36. Qe8+ Kb7 37. Rxd7+ Bc7 38. Qe4+ Kb6 39. c5+ Kb5 40. Rxc7 Qxa2 41. Rb7+ Ka6 42. Qc6+ Ka5 43. Qb5# 1-0


[Site "https://www.chess.com"]

[Event "Titled Tuesday Blitz July 18 Late 2023"]
[White "Chemin, Justo Reinaldo"]
[Black "Todorovic, Bojan"]
[WhiteFideId "2101580"]
[BlackFideId "917087"]
[WhiteElo "2254"]
[BlackElo "2361"]
[Result "0-1"]
[Round "7"]
[TimeControl "180+2"]
[Date "2023.07.18"]
[WhiteClock "0:00:16"]
[BlackClock "0:00:26"]
[Board "137"]

1. d4 Nf6 2. e3 g6 3. Nf3 Bg7 4. b3 O-O 5. Bb2 b6 6. c4 Bb7 7. Nc3 e6 8. Be2 d5 9. O-O Nbd7 10. Rc1 c5 11. dxc5 Nxc5 12. cxd5 Nxd5 13. Nd4 Rc8 14. Nxd5 Bxd5 15. Bf3 Ne4 16. Bxe4 Bxe4 17. Qd2 Rc5 18. Qb4 Qa8 19. f3 Bd3 20. Rfd1 Rxc1 21. Rxc1 Rc8 22. Rd1 Ba6 23. Qe7 Qb7 24. Qd6 Qc7 25. Qxc7 Rxc7 26. Rd2 Rd7 27. Rc2 e5 28. Nc6 Rd1+ 29. Kf2 Bd3 30. Rc3 e4 31. Nd4 Bxd4 32. exd4 Rd2+ 33. Ke3 Rxb2 34. fxe4 Bb5 35. a4 Be8 36. Rc8 Kf8 37. d5 Rxb3+ 38. Kd4 Ke7 39. Rc7+ Bd7 40. Rxa7 Rb4+ 41. Ke3 Rxa4 42. e5 Rxa7 43. Kf4 b5 0-1


[Site "https://www.chess.com"]

[Event "Titled Tuesday Blitz July 18 Late 2023"]
[White "Ortega Ruiz, Jose Miguel"]
[Black "Vila Dupla, Aurelio"]
[WhiteFideId "2209713"]
[BlackFideId "2203383"]
[WhiteElo "2349"]
[BlackElo "2225"]
[Result "1-0"]
[Round "7"]
[TimeControl "180+2"]
[Date "2023.07.18"]
[WhiteClock "0:00:05"]
[BlackClock "0:00:00"]
[Board "138"]

1. e4 c5 2. b4 cxb4 3. a3 e6 4. axb4 Bxb4 5. c3 Bf8 6. d4 d5 7. e5 Nc6 8. Na3 Bd7 9. Bd3 a6 10. Nf3 h6 11. O-O Nge7 12. c4 dxc4 13. Nxc4 Nd5 14. Ba3 Bxa3 15. Rxa3 O-O 16. Nd6 Qe7 17. Bb1 f5 18. Rd3 Be8 19. Nd2 Ncb4 20. Rg3 Bb5 21. Re1 f4 22. Rg6 Be8 23. Qg4 Nc3 24. Rxe6 Qd7 25. Bf5 Rxf5 26. Qxf5 Bf7 27. Nxf7 Qxf7 28. Qxf7+ Kxf7 29. Rb6 Nd3 30. Ra1 Ne2+ 31. Kf1 Nxd4 32. Rxb7+ Kg6 33. Rd7 Nc2 34. Ra2 Ncb4 35. Ra3 Rc8 36. Raxd3 Nxd3 37. Rxd3 Rc1+ 38. Ke2 Rc5 39. Nf3 Kf5 40. Rd6 g5 41. Rxh6 g4 42. Rh5+ Ke6 43. Nd4+ Kd5 44. Nb3 Rc2+ 45. Nd2 f3+ 46. gxf3 gxf3+ 47. Kd3 Ra2 48. Nxf3 Ra3+ 49. Ke2 Ra2+ 50. Nd2 Ra4 51. h4 Rg4 52. f3 Rg2+ 53. Ke3 Rg1 54. Rg5 Re1+ 55. Kd3 a5 56. h5 Rh1 57. f4 a4 58. Kc2 Rh2 59. Rg8 a3 60. Ra8 Rxh5 61. Rxa3 Rh4 62. Rf3 Ke6 63. Kd3 Kf5 64. Ke3 Rh1 65. Rf2 Re1+ 66. Re2 Rd1 67. Nf3 Ra1 68. Nd4+ 1-0


[Site "https://www.chess.com"]

[Event "Titled Tuesday Blitz July 18 Late 2023"]
[White "Osmonbekov, Talaibek"]
[Black "Kujawski, Adam"]
[WhiteFideId "2017253"]
[BlackFideId "1100920"]
[WhiteElo "2178"]
[BlackElo "2331"]
[Result "1-0"]
[Round "7"]
[TimeControl "180+2"]
[Date "2023.07.18"]
[WhiteClock "0:00:19"]
[BlackClock "0:00:00"]
[Board "139"]

1. d4 Nf6 2. Nc3 d5 3. Bf4 a6 4. e3 e6 5. Nf3 Bd6 6. Bd3 O-O 7. O-O b5 8. a3 Bb7 9. Ne2 Nbd7 10. c3 Ne4 11. Ng3 f5 12. Ne5 Bxe5 13. Bxe5 Nxe5 14. dxe5 c5 15. Nh5 Qg5 16. Nf4 Rae8 17. f3 c4 18. fxe4 cxd3 19. exd5 Bxd5 20. Qxd3 Bc4 21. Qd6 Bxf1 22. Rxf1 Qe7 23. Qxa6 Qc5 24. Rf3 Qxe5 25. h4 Re7 26. Rg3 Rd8 27. Qb6 Qd6 28. Qxb5 e5 29. Nh5 f4 30. exf4 exf4 31. Rf3 Re5 32. Qc4+ Qd5 33. Qxd5+ Rdxd5 34. Nxf4 Rd1+ 35. Kh2 Rd2 36. a4 Rxb2 37. Nd3 1-0


[Site "https://www.chess.com"]

[Event "Titled Tuesday Blitz July 18 Late 2023"]
[White "Slovineanu, Viacheslav"]
[Black "Sailer, Mike"]
[WhiteFideId "13900510"]
[BlackFideId "2012901"]
[WhiteElo "2328"]
[BlackElo "2167"]
[Result "1/2-1/2"]
[Round "7"]
[TimeControl "180+2"]
[Date "2023.07.18"]
[WhiteClock "0:00:05"]
[BlackClock "0:00:09"]
[Board "140"]

1. d4 d5 2. Nf3 Nf6 3. c4 c6 4. e3 a6 5. Nbd2 Bf5 6. Qb3 b5 7. cxb5 cxb5 8. Bd3 Bxd3 9. Qxd3 e6 10. Nb3 Bb4+ 11. Bd2 Bxd2+ 12. Qxd2 O-O 13. O-O Nbd7 14. Rfc1 Ne4 15. Qa5 Nb6 16. Nc5 Nxc5 17. Rxc5 Na4 18. Qxd8 Rfxd8 19. Rc2 Rac8 20. Rac1 Rxc2 21. Rxc2 Nb6 22. Kf1 Rc8 23. Rc5 Rxc5 24. dxc5 Na4 25. b4 f6 26. Nd4 Kf7 27. Nc6 e5 28. Nb8 a5 29. a3 axb4 30. axb4 Ke6 31. Ke2 Nc3+ 32. Kd2 Na2 33. Na6 d4 34. exd4 exd4 35. Kd3 Kd5 36. f4 Nc1+ 37. Kc2 Ne2 38. Nc7+ Kc4 39. c6 d3+ 40. Kd2 Nd4 41. f5 Nxc6 42. Ne6 Nxb4 43. Nxg7 Nd5 44. Ne8 b4 45. Nd6+ Kc5 46. Ne8 Kd4 47. Nd6 b3 48. Nb5+ Kc4 49. Na3+ Kb4 50. Nb1 Nf4 51. g3 Nh5 52. Kxd3 Ng7 53. Ke4 Kc4 54. g4 h6 55. h4 Ne8 56. Kf4 Kd3 57. g5 fxg5+ 58. hxg5 hxg5+ 59. Kxg5 Kc2 60. Na3+ Kb2 61. Nc4+ Kc3 62. Na3 Kb2 63. Nc4+ Kc3 64. Na3 Kb2 1/2-1/2


[Site "https://www.chess.com"]

[Event "Titled Tuesday Blitz July 18 Late 2023"]
[White "Schuster, Karsten"]
[Black "Vanek, Tomas"]
[WhiteFideId "4611071"]
[BlackFideId "313459"]
[WhiteElo "2322"]
[BlackElo "2162"]
[Result "0-1"]
[Round "7"]
[TimeControl "180+2"]
[Date "2023.07.18"]
[WhiteClock "0:01:12"]
[BlackClock "0:00:49"]
[Board "141"]

1. Nf3 e6 2. b3 f5 3. Bb2 Nf6 4. g3 Be7 5. Bg2 O-O 6. O-O c5 7. c4 Nc6 8. Ne5 Nxe5 9. Bxe5 d6 10. Bb2 e5 11. Nc3 Rb8 12. Nd5 Nxd5 13. Bxd5+ Kh8 14. f4 Bf6 15. e3 e4 16. Bxf6 Qxf6 17. d3 Qc3 18. dxe4 Qxe3+ 19. Kh1 fxe4 20. Re1 Qc3 21. Bxe4 b5 22. Qxd6 Bh3 23. Qxc5 Rfe8 24. Bg2 Rxe1+ 0-1


[Site "https://www.chess.com"]

[Event "Titled Tuesday Blitz July 18 Late 2023"]
[White "kripri"]
[Black "Navyblue1"]
[WhiteElo "2317"]
[BlackElo "1862"]
[Result "1-0"]
[Round "7"]
[TimeControl "180+2"]
[Date "2023.07.18"]
[WhiteClock "0:01:01"]
[BlackClock "0:00:00"]
[Board "142"]

1. e4 c5 2. Nf3 d6 3. d4 cxd4 4. Nxd4 Nf6 5. Nc3 a6 6. Be3 e5 7. Nf3 Be7 8. Bc4 Be6 9. Bb3 O-O 10. O-O Bxb3 11. axb3 Nbd7 12. Qd3 Qc7 13. Rfd1 Rac8 14. Bg5 h6 15. Bh4 Nc5 16. Qe2 Ncd7 17. Nd2 Rfd8 18. Nc4 b5 19. Ne3 Nc5 20. Ned5 Qb7 21. Nxf6+ Bxf6 22. Bxf6 gxf6 23. Nd5 Nd7 24. Rd3 Kh7 25. Qh5 Rg8 26. Qf5+ Rg6 27. Ne7 Rg8 28. Rxd6 Nc5 29. Nxg6 Rxg6 30. Rxf6 Kg7 31. Rxg6+ fxg6 32. Qxe5+ Kh7 33. Qxc5 Qxe4 34. Rd1 h5 35. Rd7+ Kh6 36. Qf8+ Kg5 37. f4+ 1-0


[Site "https://www.chess.com"]

[Event "Titled Tuesday Blitz July 18 Late 2023"]
[White "Womacka, Mathias"]
[Black "Mangialardo, Tiago Carvalho"]
[WhiteFideId "4611390"]
[BlackFideId "2130718"]
[WhiteElo "2527"]
[BlackElo "2140"]
[Result "1-0"]
[Round "7"]
[TimeControl "180+2"]
[Date "2023.07.18"]
[WhiteClock "0:01:31"]
[BlackClock "0:00:02"]
[Board "143"]

1. e4 Nf6 2. e5 Nd5 3. d4 d6 4. Nf3 Nc6 5. c4 Nb6 6. e6 fxe6 7. Nc3 g6 8. Be3 Bg7 9. h4 e5 10. d5 Nb4 11. a3 Na6 12. h5 Bf5 13. hxg6 hxg6 14. Rxh8+ Bxh8 15. Nh4 Qd7 16. Nxf5 Qxf5 17. Bd3 e4 18. Nxe4 Qe5 19. Qg4 Qg7 20. Ng5 Nc5 21. Bxc5 dxc5 22. Ne6 Qe5+ 23. Kf1 Bf6 24. Bxg6+ Kd7 25. Nxc5+ Kd6 26. Nxb7# 1-0


[Site "https://www.chess.com"]

[Event "Titled Tuesday Blitz July 18 Late 2023"]
[White "Bibasa, Bob"]
[Black "Ricaurte Lopez, Juan Carlos"]
[WhiteFideId "10000240"]
[BlackFideId "3600327"]
[WhiteElo "2417"]
[BlackElo "2136"]
[Result "1-0"]
[Round "7"]
[TimeControl "180+2"]
[Date "2023.07.18"]
[WhiteClock "0:01:21"]
[BlackClock "0:01:12"]
[Board "144"]

1. c4 e5 2. a3 f5 3. d4 exd4 4. Nf3 c5 5. e3 dxe3 6. Bxe3 Nf6 7. Nc3 Be7 8. Bd3 d6 9. Qd2 O-O 10. O-O Nc6 11. Nd5 Nxd5 12. cxd5 Ne5 13. Nxe5 dxe5 14. Bc4 Bd6 15. f4 exf4 16. Bxf4 a6 17. a4 Rb8 18. a5 Bxf4 19. Qxf4 Bd7 20. Rfe1 Bb5 21. d6+ Kh8 22. Bxb5 axb5 23. Qe5 Qf6 24. Qxc5 Qxb2 25. d7 Rbd8 26. Rad1 b4 27. Qxf8+ 1-0


[Site "https://www.chess.com"]

[Event "Titled Tuesday Blitz July 18 Late 2023"]
[White "Tqebuchava, Zurab"]
[Black "Boor, Carl"]
[WhiteFideId "13601113"]
[BlackFideId "2017008"]
[WhiteElo "2111"]
[BlackElo "2391"]
[Result "0-1"]
[Round "7"]
[TimeControl "180+2"]
[Date "2023.07.18"]
[WhiteClock "0:00:00"]
[BlackClock "0:00:12"]
[Board "145"]

1. e4 e5 2. Nf3 Nf6 3. Nc3 Nc6 4. Bb5 Nd4 5. Bc4 c6 6. O-O d5 7. exd5 cxd5 8. Bb3 Nxb3 9. axb3 e4 10. Nd4 Bc5 11. Nde2 Ng4 12. d4 exd3 13. Qxd3 O-O 14. h3 Nf6 15. Bg5 Be6 16. Rad1 h6 17. Bxf6 Qxf6 18. Nxd5 Qxb2 19. Ndf4 Rac8 20. c4 Qf6 21. Qg3 Rfd8 22. Rxd8+ Rxd8 23. Nh5 Qg5 24. Qxg5 hxg5 25. Nhg3 Rd3 26. Kh2 f5 27. Nc1 Rc3 28. Re1 Bd7 29. Rd1 Be6 30. Nd3 Bd4 31. Nc1 Be5 32. Re1 Bxg3+ 33. fxg3 Kf7 34. Rd1 a5 35. Re1 g6 36. Rd1 Kf6 37. Re1 Bd7 38. Rd1 Bc6 39. Re1 Rc2 0-1


[Site "https://www.chess.com"]

[Event "Titled Tuesday Blitz July 18 Late 2023"]
[White "Melikhov, Evgeny V."]
[Black "Feliz Dotel, Dewar Bienvenido"]
[WhiteFideId "4122046"]
[BlackFideId "6402801"]
[WhiteElo "2380"]
[BlackElo "2075"]
[Result "0-1"]
[Round "7"]
[TimeControl "180+2"]
[Date "2023.07.18"]
[WhiteClock "0:00:04"]
[BlackClock "0:00:25"]
[Board "146"]

1. d4 d5 2. c4 e6 3. Nc3 c5 4. cxd5 exd5 5. Nf3 Nc6 6. g3 Nf6 7. Bg2 Be7 8. O-O O-O 9. Bg5 c4 10. Re1 h6 11. Bf4 a6 12. Ne5 Be6 13. e4 dxe4 14. Nxc6 bxc6 15. Nxe4 Nxe4 16. Bxe4 Bd5 17. Qf3 Re8 18. b3 cxb3 19. axb3 Bf6 20. Bxd5 Qxd5 21. Qxd5 cxd5 22. Be5 Be7 23. Rec1 Bb4 24. Rc6 a5 25. Rb6 Rac8 26. Rb5 Red8 27. Bf4 Rc2 28. Be3 Rb2 29. Rc1 Rxb3 30. Rc7 a4 31. Rbb7 Bd6 32. Rd7 Rxd7 33. Rxd7 a3 34. Rxd6 a2 35. Ra6 Rb1+ 36. Kg2 a1=Q 37. Rxa1 Rxa1 38. Kf3 f6 39. Kf4 Kf7 40. h4 Ra2 41. h5 g5+ 42. hxg6+ Kxg6 43. Kg4 h5+ 44. Kf4 Ra1 45. Bd2 Rd1 46. Be3 Rd3 47. g4 h4 48. Kf3 f5 49. g5 Rxe3+ 50. fxe3 Kxg5 51. Kg2 Kg4 52. Kh2 h3 53. Kh1 Kf3 54. Kh2 Kxe3 55. Kxh3 Kxd4 56. Kg3 Ke3 0-1


[Site "https://www.chess.com"]

[Event "Titled Tuesday Blitz July 18 Late 2023"]
[White "Miguelitro69"]
[Black "Joubert, Dantelle"]
[BlackFideId "14310813"]
[WhiteElo "2254"]
[BlackElo "2059"]
[Result "1-0"]
[Round "7"]
[TimeControl "180+2"]
[Date "2023.07.18"]
[WhiteClock "0:00:16"]
[BlackClock "0:00:00"]
[Board "147"]

1. e4 c5 2. Nf3 d6 3. d4 cxd4 4. Nxd4 Nf6 5. Nc3 g6 6. Bc4 Bg7 7. Be3 O-O 8. f3 Nc6 9. Qd2 Nxd4 10. Bxd4 Be6 11. Bxe6 fxe6 12. O-O Qa5 13. Rfd1 Rac8 14. Kh1 Qh5 15. Ne2 b6 16. Nf4 Qb5 17. Nxe6 Rf7 18. Nxg7 Kxg7 19. b3 Kg8 20. c4 Qh5 21. Qe1 g5 22. e5 dxe5 23. Qxe5 Qh4 24. Qg3 Qxg3 25. hxg3 Nh5 26. Kh2 Rc6 27. Be5 Rf5 28. Rd5 Rh6 29. Kg1 Nf6 30. Rd8+ Kf7 31. Re1 g4 32. Bxf6 Rfxf6 33. fxg4 Rd6 34. Rf1+ Ke6 35. Rdf8 Kd7 36. R8f7 Rd2 37. Re1 Re6 38. Rxe6 Kxe6 39. Rf2 Rd1+ 40. Kh2 Kd6 41. Kh3 e5 42. Rf7 Rd2 43. Rxh7 Rxa2 44. Rh6+ Ke7 45. Rh5 Ke6 46. Rh8 1-0


[Site "https://www.chess.com"]

[Event "Titled Tuesday Blitz July 18 Late 2023"]
[White "rikchessmx"]
[Black "Burke, Paul"]
[BlackFideId "2605767"]
[WhiteElo "2253"]
[BlackElo "1988"]
[Result "1-0"]
[Round "7"]
[TimeControl "180+2"]
[Date "2023.07.18"]
[WhiteClock "0:00:34"]
[BlackClock "0:00:04"]
[Board "148"]

1. e4 e5 2. Nf3 Nc6 3. Bb5 f5 4. Nc3 Nf6 5. exf5 e4 6. Qe2 d5 7. d3 Bxf5 8. Ne5 Qd6 9. Bf4 Qe6 10. dxe4 dxe4 11. O-O-O Bd6 12. Rxd6 cxd6 13. Nxc6 bxc6 14. Bxc6+ Kf7 15. Bxa8 Rxa8 16. h3 Nd5 17. Nxd5 Qxd5 18. c4 Qa5 19. b3 d5 20. Kb2 dxc4 21. Qxc4+ Ke8 22. g4 Rc8 23. Qg8+ Kd7 24. Qxg7+ 1-0


[Site "https://www.chess.com"]

[Event "Titled Tuesday Blitz July 18 Late 2023"]
[White "Kuchava, Ana"]
[Black "Sainz Aguirre, Ignacio"]
[WhiteFideId "13605348"]
[BlackFideId "5101727"]
[WhiteElo "2226"]
[BlackElo "1976"]
[Result "1-0"]
[Round "7"]
[TimeControl "180+2"]
[Date "2023.07.18"]
[WhiteClock "0:00:44"]
[BlackClock "0:00:00"]
[Board "149"]

1. d4 d5 2. Nf3 e6 3. c4 Nf6 4. Nc3 a6 5. Bg5 Be7 6. e3 h6 7. Bh4 Nbd7 8. Bd3 g5 9. Bg3 c6 10. Rc1 Rg8 11. Ne5 Nxe5 12. Bxe5 Nd7 13. Bg3 Nf6 14. Qb3 h5 15. h4 gxh4 16. Rxh4 Ne4 17. Rxh5 Nxg3 18. fxg3 Rxg3 19. Kf2 Bh4 20. Rh1 Qf6+ 21. Ke2 Rxg2+ 22. Kd1 Qf3+ 23. Be2 Rxe2 24. Nxe2 Qxh5 25. Kd2 Qg4 26. Rf1 1-0


[Site "https://www.chess.com"]

[Event "Titled Tuesday Blitz July 18 Late 2023"]
[White "Gyulamiryan-koryun"]
[Black "SoyuzTM4"]
[WhiteElo "1900"]
[BlackElo "2219"]
[Result "1-0"]
[Round "7"]
[TimeControl "180+2"]
[Date "2023.07.18"]
[WhiteClock "0:00:02"]
[BlackClock "0:00:07"]
[Board "150"]

1. e4 c5 2. Nf3 e6 3. c4 d6 4. Nc3 Nf6 5. Bd3 Nc6 6. O-O Be7 7. a3 O-O 8. Qc2 b6 9. Re1 Bb7 10. e5 dxe5 11. Nxe5 Nd4 12. Qb1 Qc7 13. Nb5 Nxb5 14. cxb5 Bd6 15. f4 Rad8 16. b4 h6 17. Bb2 Nd5 18. bxc5 Bxc5+ 19. Kh1 Nxf4 20. Be4 Rxd2 21. Bc1 Bxe4 22. Qxe4 Rf2 23. Bxf4 f5 24. Qc4 Qe7 25. Nc6 Qh4 26. Qxe6+ Rf7 27. Bg3 Qa4 28. Ne5 1-0


[Site "https://www.chess.com"]

[Event "Titled Tuesday Blitz July 18 Late 2023"]
[White "Vargas, Mauricio"]
[Black "De Arruda, Leandro Formes"]
[WhiteFideId "4404572"]
[BlackFideId "22722009"]
[WhiteElo "1881"]
[BlackElo "2214"]
[Result "0-1"]
[Round "7"]
[TimeControl "180+2"]
[Date "2023.07.18"]
[WhiteClock "0:00:00"]
[BlackClock "0:01:06"]
[Board "151"]

1. e4 e6 2. f4 d5 3. e5 c5 4. Nf3 Nc6 5. Bb5 Qb6 6. Bxc6+ bxc6 7. O-O Ba6 8. d3 c4+ 9. Kh1 cxd3 10. cxd3 Ne7 11. Nc3 Nf5 12. Na4 Qb5 13. Ne1 Bb4 14. Rf3 Bxe1 15. Qxe1 Qxa4 16. g4 Nd4 17. Rg3 Bb5 18. Qc3 Qd1+ 19. Rg1 Qf3+ 20. Rg2 Ne2 21. Qe1 Bxd3 22. Bd2 Nxf4 23. Bxf4 Qxf4 24. Kg1 Be4 25. Rg3 Qxe5 26. Rc1 c5 27. Rd1 Rb8 28. b3 O-O 29. g5 c4 30. g6 fxg6 31. bxc4 Rb2 32. cxd5 exd5 33. a3 Rfb8 34. Rc1 Rb1 35. Rgc3 Rxc1 36. Rxc1 Qg5+ 0-1


[Site "https://www.chess.com"]

[Event "Titled Tuesday Blitz July 18 Late 2023"]
[White "Wu, Derek"]
[Black "Liu, Casper"]
[WhiteFideId "30914558"]
[BlackFideId "1454153"]
[WhiteElo "2763"]
[BlackElo "2428"]
[Result "1-0"]
[Round "7"]
[TimeControl "180+2"]
[Date "2023.07.18"]
[WhiteClock "0:00:11"]
[BlackClock "0:00:11"]
[Board "152"]

1. e4 c5 2. Nf3 d6 3. d4 cxd4 4. Nxd4 Nf6 5. Nc3 Nc6 6. Bc4 e6 7. Be3 a6 8. Qe2 Qa5 9. Nb3 Qc7 10. O-O-O b5 11. Bd3 Nb4 12. Kb1 Bd7 13. g4 Nxd3 14. Qxd3 b4 15. Ne2 Bb5 16. Qd2 Nxe4 17. Qxb4 d5 18. Qe1 Rc8 19. Ned4 Be7 20. f3 Nd6 21. Bc1 O-O 22. c3 a5 23. Nxb5 Nxb5 24. Qe2 Rb8 25. Ka1 Bf6 26. g5 Nxc3 27. bxc3 Qxc3+ 28. Bb2 Qxb2+ 29. Qxb2 Bxb2+ 30. Kxb2 a4 31. Rc1 Rb4 32. Ka3 Rf4 33. Nd2 Rb8 34. Rc3 Rd4 35. Rb1 Re8 36. Rb2 e5 37. Nf1 e4 38. fxe4 dxe4 39. Ne3 h6 40. gxh6 gxh6 41. Nf5 Rd3 42. Rxd3 exd3 43. Rd2 Re2 44. Rxd3 Rxh2 45. Rg3+ Kh7 46. Rg7+ Kh8 47. Rxf7 h5 48. Ne7 h4 49. Ng6+ Kg8 50. Rf4 h3 51. Rh4 Rg2 52. Nf4 Rg3+ 53. Kxa4 Kf7 54. Nxh3 Ke7 55. Nf4 Kd6 56. Ne2 Re3 57. Nd4 Kc5 58. Nb3+ Kb6 59. Ka3 Re2 60. Rb4+ Ka6 61. Rc4 Kb5 62. Rd4 Rh2 63. Rd2 Rh3 64. Kb2 Kb4 65. Nd4 Ka4 66. Nc2 Rh8 67. Rd4+ Kb5 68. Rd3 Kc5 69. Rb3 Rh2 70. a4 Rh4 71. Rb5+ Kc6 72. Kb3 Rh3+ 73. Kc4 Rh4+ 74. Nd4+ Kc7 75. a5 Rh1 76. a6 Rc1+ 77. Kb4 Ra1 78. Ra5 Rxa5 79. Kxa5 Kb8 80. Kb6 Ka8 81. Nb5 Kb8 82. a7+ Ka8 83. Nc7# 1-0


[Site "https://www.chess.com"]

[Event "Titled Tuesday Blitz July 18 Late 2023"]
[White "Bongo Akanga Ndjila, Barthelemy"]
[Black "Carrasco Miranda, Andres"]
[WhiteFideId "10609431"]
[BlackFideId "3405990"]
[WhiteElo "2066"]
[BlackElo "2404"]
[Result "0-1"]
[Round "7"]
[TimeControl "180+2"]
[Date "2023.07.18"]
[WhiteClock "0:01:07"]
[BlackClock "0:00:59"]
[Board "153"]

1. d4 Nf6 2. c4 g6 3. Nc3 d5 4. cxd5 Nxd5 5. e4 Nxc3 6. bxc3 Bg7 7. Be3 O-O 8. Nf3 c5 9. Qd2 Qa5 10. Be2 Bg4 11. O-O Bxf3 12. Bxf3 cxd4 13. cxd4 Qxd2 14. Bxd2 Bxd4 15. Rab1 Bb6 16. Bh6 Rd8 17. Rfd1 Nc6 18. e5 Nxe5 19. Bxb7 Rab8 20. Bd5 Bxf2+ 21. Kf1 Rxb1 22. Rxb1 Bb6 23. Bb3 Ng4 24. Bg5 Nxh2+ 25. Ke2 Ng4 26. Kf3 Ne5+ 27. Ke4 Nd7 28. Ba4 Nc5+ 29. Ke5 f6+ 0-1


[Site "https://www.chess.com"]

[Event "Titled Tuesday Blitz July 18 Late 2023"]
[White "Lutz, Igor Oscar"]
[Black "Schachpanda_Youtube"]
[WhiteFideId "2110806"]
[WhiteElo "1937"]
[BlackElo "2209"]
[Result "0-1"]
[Round "7"]
[TimeControl "180+2"]
[Date "2023.07.18"]
[WhiteClock "0:00:00"]
[BlackClock "0:00:14"]
[Board "154"]

1. d4 d5 2. c4 c6 3. Nf3 dxc4 4. g3 Nf6 5. Bg2 b5 6. O-O Bb7 7. a4 a6 8. Ne5 e6 9. axb5 axb5 10. Rxa8 Bxa8 11. Bg5 Be7 12. Nc3 O-O 13. e3 h6 14. Bxf6 Bxf6 15. Qa1 Bb7 16. Nxb5 Bxe5 17. dxe5 cxb5 18. Bxb7 Qc7 19. Qa7 Nc6 20. Qa6 Nxe5 21. Rd1 Rb8 22. Bg2 b4 23. Be4 c3 24. bxc3 bxc3 25. Rc1 Rc8 26. Qa3 f5 27. Bg2 c2 28. Qb3 Qc4 29. Qb6 Nd3 30. Rxc2 Qxc2 31. Qxe6+ Kh8 32. Qxf5 Qd1+ 33. Bf1 Rd8 34. Qe4 Ne1 35. Qe7 Nf3+ 36. Kg2 Ng5 0-1


[Site "https://www.chess.com"]